 Dungeon Crawl Stone Soup version 0.19.0-19-g8c6edcc (webtiles) character file.

2092 BorisBritva the Spear-Bearer (level 9, -1/69 HPs)
             Began as a Demonspawn Berserker on Nov 13, 2016.
             Was an Elder of Trog.
             Shot with an arrow by a centaur (2 damage)
             ... on level 7 of the Dungeon.
             The game lasted 00:25:22 (7264 turns).

BorisBritva the Spear-Bearer (Demonspawn Berserker) Turns: 7264, Time: 00:25:23

Health: -1/69      AC: 11    Str: 21    XL:     9   Next: 6%
Magic:  0/9        EV: 12    Int:  9    God:    Trog [****..]
Gold:   402        SH:  0    Dex: 12    Spells: 0 memorised, 8 levels left

rFire  . . .     SeeInvis .     F - -2 scythe
rCold  + . .     Gourm    .     m - +0 ring mail
rNeg   . . .     Faith    .     (shield currently unavailable)
rPois  .         Spirit   +     u - +1 helmet
rElec  .         Reflect  .     A - +0 cloak
rCorr  .         Harm     .     (no gloves)
MR     .....                    b - +0 pair of boots
Stlth  +.........               (no amulet)
                                (no ring)
                                o - ring of protection from cold

@: drained
A: hooves 1, high mp 1, powered by death 1, magic shield
a: Berserk, Trog's Hand, Brothers in Arms, Burn Spellbooks, Renounce Religion


You were on level 7 of the Dungeon.
You worshipped Trog.
Trog was greatly pleased with you.
You were not hungry.

You visited 1 branch of the dungeon, and saw 7 of its levels.

You collected 462 gold pieces.
You spent 60 gold pieces at shops.

Inventory:

Hand Weapons
 a - a +0 spear
 F - a -2 scythe (weapon)
Armour
 b - a +0 pair of boots (worn)
 m - a +0 ring mail (worn)
 u - a +1 helmet (worn)
 A - a +0 cloak (worn)
Rods
 y - a +0 rod of shadows (14/14)
   (You found it on level 3 of the Dungeon)
Jewellery
 o - a ring of protection from cold (left hand)
Wands
 t - a wand of random effects (35/48)
 G - a wand of slowing (30/48)
Scrolls
 g - a scroll of immolation
 l - 3 scrolls of magic mapping
 p - a scroll of teleportation
 r - a scroll of enchant armour
 v - a scroll of noise
 C - a scroll of identify
 E - a scroll of enchant weapon
 I - a scroll of fear {unknown}
 J - a scroll of acquirement {unknown}
Potions
 d - a potion of ambrosia {unknown}
 e - 2 potions of cure mutation {unknown}
 h - 2 potions of degeneration {unknown}
 j - 3 potions of haste {unknown}
 k - 2 potions of heal wounds {unknown}
 n - 5 potions of lignification {unknown}
 s - a potion of invisibility {unknown}
 x - a potion of cancellation {unknown}
 z - 4 potions of curing {unknown}
 B - a potion of magic {unknown}
 D - 3 potions of might {unknown}
 H - a potion of flight {unknown}
Comestibles
 c - 2 bread rations
 f - 5 beef jerkies
 i - 3 slices of pizza
 q - 4 meat rations
 w - 2 fruits


   Skills:
 + Level 5.8(5.6) Fighting
 + Level 8.0(7.8) Polearms
 + Level 5.7(5.5) Armour
 + Level 3.8(3.6) Dodging


You had 8 spell levels left.
You didn't know any spells.

Dungeon Overview and Level Annotations

Branches:
Dungeon (7/15)             Temple (0/1) D:7

Altars:
Ashenzari
Cheibriados
Dithmenos
Fedhas
Gozag
Kikubaaqudgha
Makhleb
Sif Muna
The Shining One

Shops:
D:4 %


Innate Abilities, Weirdness & Mutations

You have large cloven feet.
You regenerate a little health from kills.
When hurt, damage is shared between your health and your magic reserves.
You have an increased reservoir of magic. (+10% MP)


Message History

You see here an arrow.
The centaur shoots an arrow.
The arrow hits you.
You see here an arrow.
The centaur shoots an arrow.
The arrow hits you!
* * * LOW HITPOINT WARNING * * *
You see here an arrow.
The centaur shoots an arrow.
The arrow hits you.
* * * LOW HITPOINT WARNING * * *
You see here an arrow.
The centaur shoots an arrow.
The arrow hits you.
* * * LOW HITPOINT WARNING * * *
You see here 2 arrows.
The centaur shoots an arrow.
The arrow closely misses you.
The centaur shoots an arrow.
The arrow misses you.
The centaur shoots an arrow.
The arrow hits you!
* * * LOW HITPOINT WARNING * * *
The centaur shoots an arrow.
The arrow hits you but does no damage.
You see here 3 arrows.
The centaur shoots an arrow.
The arrow hits you.
You die...

#.........#..#.....#...
######....####....^##'#
#..............(..
#.................
#.................
#.................
#......c..........
#.................
#@................
#(..((.##≈≈.≈#....
#(.((#..≈≈≈≈#≈≈...
##(###;≈≈≈≈≈≈#≈≈≈.
#(.#≈#≈≈≈≈..≈≈≈≈≈
#.#.≈≈≈≈≈♣..≈≈≈≈≈
#.#≈≈≈≈≈≈≈.)#≈≈≈≈
#.≈≈≈≈≈≈≈≈.;≈≈≈≈≈
#.≈≈≈≈≈≈≈...≈≈≈≈≈


You could see a centaur.

Vanquished Creatures
  Pikel (D:6)
  Sigmund (D:5)
  Eustachio (D:5)
  Edmund (D:6)
  A slave (D:6)
  A sky beast (D:5)
  3 ogres
  2 centaurs
  Blork the orc (D:6)
  A howler monkey (D:5)
  A jelly (D:7)
  3 hounds
  An orc wizard (D:3)
  2 bullfrog skeletons
  A centaur skeleton (D:6)
  4 worker ants
  A killer bee zombie (D:4)
  A hound skeleton (D:6)
  A worker ant zombie (D:6)
  Robin (D:3)
  7 gnolls
  8 adders
  2 oozes
  3 adder skeletons
  2 worms
  8 dart slugs
  3 leopard geckos
  6 orcs
  3 giant cockroaches (D:1)
  16 goblins
  8 hobgoblins
  10 jackals
  4 kobolds
  2 quokkas
  8 bats
  5 frilled lizards
  A leopard gecko skeleton (D:5)
  2 quokka skeletons (D:4)
  11 rats
138 creatures vanquished.

Vanquished Creatures (others)
  A slave (D:6)
  A centaur (D:6)
  A worker ant (D:6)
  A dart slug (D:7)
  A leopard gecko (D:6)
  A jackal (D:6)
6 creatures vanquished.

Grand Total: 144 creatures vanquished

Notes
Turn   | Place    | Note
-------+----------+-------------------------------------------
     0 | D:1      | BorisBritva the Demonspawn Berserker began the quest for the Orb.
     0 | D:1      | Reached XP level 1. HP: 18/18 MP: 1/1
   248 | D:1      | Gained mutation: You regenerate a little health from kills. [demonic ancestry]
   248 | D:1      | Reached XP level 2. HP: 23/24 MP: 2/2
   374 | D:1      | Reached skill level 3 in Polearms
   664 | D:1      | You fall through a shaft!
   672 | D:2      | Reached ** piety under Trog
   672 | D:2      | Gained mutation: When hurt, damage is shared between your health and your magic reserves. [demonic ancestry]
   672 | D:2      | Reached XP level 3. HP: 26/29 MP: 3/3
  1500 | D:2      | Found a snail-covered altar of Cheibriados.
  1546 | D:2      | Reached XP level 4. HP: 37/37 MP: 2/4
  1584 | D:2      | Found an opulent altar of Gozag.
  1617 | D:2      | Found a glowing golden altar of the Shining One.
  2048 | D:3      | Noticed Robin
  2069 | D:3      | Killed Robin
  2075 | D:3      | Reached *** piety under Trog
  2152 | D:3      | Reached skill level 4 in Polearms
  2152 | D:3      | Reached XP level 5. HP: 42/42 MP: 5/5
  2198 | D:3      | Found a deep blue altar of Sif Muna.
  3135 | D:4      | Reached XP level 6. HP: 42/48 MP: 4/6
  3221 | D:4      | Reached skill level 5 in Polearms
  3802 | D:4      | Gained mutation: You have large cloven feet. [demonic ancestry]
  3802 | D:4      | Reached XP level 7. HP: 55/55 MP: 7/7
  3896 | D:4      | Found Zudita's Food Boutique.
  3900 | D:4      | Bought a meat ration for 60 gold pieces
  3925 | D:5      | Entered Level 5 of the Dungeon
  3928 | D:5      | Found a blossoming altar of Fedhas.
  3929 | D:5      | Noticed Eustachio
  3946 | D:5      | Killed Eustachio
  3946 | D:5      | Reached skill level 6 in Polearms
  4075 | D:5      | Reached **** piety under Trog
  4202 | D:5      | Found an ancient bone altar of Kikubaaqudgha.
  4378 | D:5      | Reached skill level 5 in Fighting
  4378 | D:5      | Reached XP level 8. HP: 29/62 MP: 2/8
  4384 | D:5      | Gained mutation: You have an increased reservoir of magic. (+10% MP) [mutagenic meat]
  4607 | D:5      | Found a shadowy altar of Dithmenos.
  4752 | D:5      | Noticed Sigmund
  4805 | D:5      | Killed Sigmund
  5289 | D:5      | Found a burning altar of Makhleb.
  5783 | D:6      | Found a shattered altar of Ashenzari.
  5843 | D:6      | Noticed Edmund
  5845 | D:6      | Reached skill level 7 in Polearms
  5845 | D:6      | Reached skill level 5 in Armour
  5855 | D:6      | Killed Edmund
  6004 | D:6      | Noticed Pikel
  6013 | D:6      | Killed Pikel
  6078 | D:6      | Noticed Blork the orc
  6086 | D:6      | Killed Blork the orc
  6086 | D:6      | Reached XP level 9. HP: 65/69 MP: 6/9
  6325 | D:6      | Reached skill level 8 in Polearms
  7182 | D:7      | Found a staircase to the Ecumenical Temple.
  7263 | D:7      | HP: 1/69 [centaur/arrow (9)]
  7264 | D:7      | Shot with an arrow by a centaur

Skill      XL: |  1  2  3  4  5  6  7  8  9 |
---------------+----------------------------+-----
Polearms       | 3 4 5 6 7 8 |  8.0
Dodging        | 2 3 |  3.8
Armour         | 2 3 4 5 |  5.7
Fighting       | 4 5 |  5.8

Action                   |  1- 3 |  4- 6 |  7- 9 || total
-------------------------+-------+-------+-------++-------
Melee: Spear             |   143 |   288 |   182 ||   613
       Scythe            |       |       |   107 ||   107
Invok: Berserk           |     1 |     2 |     5 ||     8
       Trog's Hand       |       |       |     1 ||     1
  Use: Scroll            |       |     6 |     4 ||    10
 Stab: Sleeping          |     2 |       |       ||     2
  Eat: Chunk             |     2 |     9 |     7 ||    18
       Bread ration      |       |       |     3 ||     3
Armor: Animal skin       |    21 |       |       ||    21
       Ring mail         |    13 |    82 |   103 ||   198
Dodge: Dodged            |    55 |   123 |   199 ||   377
